 Dungeon Crawl Stone Soup version 0.19-a0-1493-gd0fcaa6 (webtiles) character file.

130 George the Shield-Bearer (level 4, -5/41 HPs)
             Began as a Minotaur Fighter on Sept 9, 2016.
             Slain by a mummy (9 damage)
             ... in an ossuary.
             The game lasted 00:03:35 (2213 turns).

George the Shield-Bearer (Minotaur Fighter)         Turns: 2213, Time: 00:03:36

Health: -5/41      AC:  9    Str: 20    XL:     4   Next: 90%
Magic:  3/3        EV:  7    Int:  5    God:
Gold:   70         SH:  9    Dex: 11    Spells: 0 memorised, 3 levels left

rFire  . . .     SeeInvis .     a - +0 long sword
rCold  . . .     Gourm    .     b - +0 scale mail
rNeg   . . .     Faith    .     c - +0 shield
rPois  .         Spirit   .     u - +1 hat
rElec  .         Dismiss  .     (no cloak)
rCorr  .         Reflect  .     (no gloves)
MR     .....     Harm     .     j - +0 pair of boots
Stlth  ..........               (no amulet)
                                (no ring)
                                (no ring)

@: no status effects
A: retaliatory headbutt, horns 2
a: no special abilities


You were in an ossuary.
You were hungry.

You visited 1 branch of the dungeon, and saw 4 of its levels.
You also visited: Ossuary.

You collected 70 gold pieces.

Inventory:

Hand Weapons
 a - a +0 long sword (weapon)
Armour
 b - a +0 scale mail (worn)
 c - a +0 shield (worn)
 j - a +0 pair of boots (worn)
 u - a +1 hat (worn)
Scrolls
 e - a scroll of blinking
 h - 2 scrolls of remove curse
 m - a scroll of recharging
 p - a scroll of teleportation
Potions
 d - a potion of might
 k - a potion of heal wounds
 l - 3 potions of magic
 n - 2 potions of curing
 t - a potion of agility
Comestibles
 f - 3 bread rations
 g - 2 fruits
 q - a beef jerky
 r - 2 chunks of flesh


   Skills:
 + Level 4.3 Fighting
 * Level 4.1 Long Blades
 + Level 4.4 Armour
 + Level 4.6 Shields


You had 3 spell levels left.
You didn't know any spells.

Dungeon Overview and Level Annotations

Branches:
Dungeon (4/15)
 Temple: D:4-7

Altars:
Cheibriados
Qazlal
Ru
Uskayaw

Shops:
D:4 *


Innate Abilities, Weirdness & Mutations

You reflexively headbutt those who attack you in melee.
You have a pair of horns on your head.


Message History

The hobgoblin zombie is moderately damaged.
The hobgoblin zombie barely misses you.
You slash the hobgoblin zombie!
You destroy the hobgoblin zombie!
The mummy hits you. x2
Your shield and scale mail prevent you from hitting the mummy.
The mummy hits you but does no damage.
You hit the mummy but do no damage. You headbutt the mummy!
The mummy is heavily damaged.
The mummy barely misses you.
You riposte.
You hit the mummy but do no damage. You hit the mummy. You headbutt the mummy.
You destroy the mummy!
You are feeling hungry.
The mummy hits you!
You hit the mummy. Your headbutt misses the mummy.
The mummy is moderately damaged.
The mummy hits you! x2
* * * LOW HITPOINT WARNING * * *
The mummy hits you!
You die...

......#
#.M..#
#....#
#....#
#....#
#....#
#....#
#MM..#
#@M..#
#.∩∩.#
######


You could see 4 mummies.

Vanquished Creatures
  A mummy (Ossuary)
  4 adders
  5 worms
  7 giant geckos
  2 orcs
  5 bats
  A giant cockroach (D:1)
  6 goblins
  2 hobgoblins (D:1)
  2 jackals (D:3)
  3 quokkas
  A giant gecko skeleton (D:4)
  3 giant newts
  3 hobgoblin zombies (Ossuary)
  9 kobolds
  4 kobold zombies (Ossuary)
  7 rats
65 creatures vanquished.

Notes
Turn   | Place    | Note
-------+----------+-------------------------------------------
     0 | D:1      | George the Minotaur Fighter began the quest for the Orb.
     0 | D:1      | Reached XP level 1. HP: 19/19 MP: 0/0
    34 | D:1      | Found a snail-covered altar of Cheibriados.
   231 | D:1      | Reached XP level 2. HP: 26/27 MP: 1/1
   778 | D:2      | Reached XP level 3. HP: 29/33 MP: 2/2
  1000 | D:2      | Found a sacrificial altar of Ru.
  1135 | D:2      | Found a stormy altar of Qazlal.
  1474 | D:3      | Reached XP level 4. HP: 30/40 MP: 3/3
  1700 | D:3      | Found a hide-covered altar of Uskayaw.
  2114 | D:4      | Found Iefilue's Incredible Inventory.
  2160 | D:4      | Found a sand-covered staircase.
  2167 | Ossuary  | Entered an ossuary
  2213 | Ossuary  | Slain by a mummy

Vault maps used:
D:1:      matt_arrival_refuge, solitary_fountain, roderic_roman_lattice,
          minivault_5, cheibriados_altar_1
D:2:      overflow_temple_1_default, hangedman_ru_absence
D:3:      lemuel_round_altar, first_bread
D:4:      nicolae_dithmenos_the_darkroom, chequers_ossuary_entry_cave,
          minmay_liquid_box, nicolae_alphabet_shops, uniq_menkaure
Ossuary:  ossuary_tomb_3

Skill      XL: |  1  2  3  4 |
---------------+-------------+-----
Fighting       | 4 |  4.3
Long Blades    | 3 4 |  4.1
Armour         | 4 |  4.4
Shields        | 4 |  4.6

Action                   |  1- 3 |  4- 6 || total
-------------------------+-------+-------++-------
Melee: Long sword        |   119 |    84 ||   203
       Headbutt          |    15 |    10 ||    25
  Use: Scroll            |       |     9 ||     9
  Eat: Chunk             |     2 |     2 ||     4
Armor: Scale mail        |    38 |    32 ||    70
Dodge: Dodged            |    34 |    23 ||    57
Block: Shield            |    44 |    39 ||    83
